Cogmind - Beta 15 @@@ ROGUE MODE // 2025.05.22 @ 21:02:48 Player: LightKnight Result: Destroyed by H-88 Terminator with KE Penetrator Performance ------------- Evolutions (9) 4500 Regions Visited (23) 4600 Robots Destroyed (157) 785 Value Destroyed (8095) 8095 Prototype IDs (47) 940 Alien Tech Used (0) 0 Bonus (3032) 3032 TOTAL SCORE: 21952 Bonus ------- High Alert Combat Kills 340 Follower Combat Kills 2836 Aligned with FarCom 300 Met Imprinter 300 Built Enhanced Grunts 300 Met R17 at Cetus 500 Met R17 at Research 2000 Friendly Fire -3544 Cogmind --------- Core Integrity 0/1600 Matter 57/300 Energy 98/100 System Corruption 7% Temperature Cool (0) Movement Core (50) Location -1/Access Parts ------- > --- POWER (2) -------- (None) > --- PROPULSION (4) --- (None) > --- UTILITY (15) ----- (None) > --- WEAPON (4) ------- (None) > --- INVENTORY (5) ---- Quantum Reactor Heavy Disruptor Cannon Heavy Disruptor Cannon Peak State ------------ > --- POWER ------------ Quantum Reactor Quantum Reactor > --- PROPULSION ------- Advanced Heavy Treads Improved Heavy Siege Treads > --- UTILITY ---------- Advanced Heat Sink Advanced Heat Sink Experimental Heat Sink High-capacity Storage Unit Long-range Terrain Scanner Advanced Terrain Scan Processor Advanced Launcher Guidance Computer Energy Filter Advanced Phase Shifter Advanced Phase Shifter Improved Medium Armor Plating Centrium Light Armor Plating Improved System Shield > --- WEAPON ----------- XL Autogun Array > --- INVENTORY -------- Quantum Reactor Quantum Reactor Quantum Reactor Centrium Heavy Treads Energy Well Quantum Rifle Quantum Rifle Heavy Disruptor Cannon Heavy Disruptor Cannon Compact HERF Cannon Compact HERF Cannon Advanced KE Penetrator [Rating: 174] Favorites ----------- Power Quantum Reactor Engine F-cell Engine Power Core Neutrino Core Reactor Quantum Reactor Propulsion Improved Medium Treads Treads Improved Medium Treads Leg Carbon-fiber Leg Wheel Wheel Utility Large Storage Unit Device Advanced Heat Sink Storage Large Storage Unit Processor Enhanced Optical Array Hackware System Shield Protection Centrium Medium Armor Plating Weapon Quantum Rifle Energy Gun Quantum Rifle Energy Cannon Compact HERF Cannon Ballistic Gun High-powered Shotgun Ballistic Cannon Heavy Flak Cannon Launcher Missile Launcher Special Weapon CPS Tube Slashing Weapon Phasing Sabre Piercing Weapon Plasma Lance Build | -11 -10 -10 -10 -9 -8 -8 -8 -8 -6 -6 -6 -6 -5 -5 -5 -5 -5 -5 -4 -4 -3 -2 -1 ------- Run | Yrd Mat Min Exi Min Mat Sto Rec Scr Fac Low Low Zio Pro Fac Ext Cet Arc Hub Fac Arm Res Res Acc Slots Evolved 18 | . . . . . 4 . . . 4 . . . . 2 . . . . 2 . 2 2 2 Power 1 | . . . . . . . . . . . . . . . . . . . 1 . . . . Propulsion 2 | . . . . . 1 . . . 1 . . . . . . . . . . . . . . Utility 13 | . . . . . 1 . . . 3 . . . . 2 . . . . 1 . 2 2 2 Weapon 2 | . . . . . 2 . . . . . . . . . . . . . . . . . . Parts Attached 159 | . . 3 3 . 11 3 6 6 11 3 . 4 5 8 30 14 1 . 2 8 28 5 8 Power 14 | . . . . . 1 1 . . . . . . 1 2 2 2 . . . 2 . 1 2 Engine 3 | . . . . . 1 1 . . . . . . . 1 . . . . . . . . . Core 4 | . . . . . . . . . . . . . 1 1 2 . . . . . . . . Reactor 7 | . . . . . . . . . . . . . . . . 2 . . . 2 . 1 2 Propulsion 29 | . . . 2 . 3 . 1 2 4 . . . . 1 11 2 . . . . 1 . 2 Treads 19 | . . . 2 . 3 . 1 2 4 . . . . 1 1 2 . . . . 1 . 2 Leg 9 | . . . . . . . . . . . . . . . 9 . . . . . . . . Wheel 1 | . . . . . . . . . . . . . . . 1 . . . . . . . . Hover . | . . . . . . . . . . . . . . . . . . . . . . . . Flight . | . . . . . . . . . . . . . . . . . . . . . . . . Utility 66 | . . 1 1 . 1 1 2 1 5 2 . 3 3 3 10 5 . . 2 3 17 4 2 Device 33 | . . 1 . . 1 . . . 2 1 . 1 1 2 7 3 . . . 3 7 2 2 Storage 4 | . . . 1 . . . . . . . . . 1 . . . . . . . 2 . . Processor 8 | . . . . . . . 1 . . 1 . . 1 . . . . . . . 4 1 . Hackware 9 | . . . . . . . . . 2 . . 2 . 1 1 . . . 1 . 1 1 . Protection 12 | . . . . . . 1 1 1 1 . . . . . 2 2 . . 1 . 3 . . Artifact . | . . . . . . . . . . . . . . . . . . . . . . . . Weapon 50 | . . 2 . . 6 1 3 3 2 1 . 1 1 2 7 5 1 . . 3 10 . 2 Energy Gun 17 | . . . . . 2 1 . . . . . 1 . 1 6 3 1 . . . 2 . . Energy Cannon 8 | . . . . . . . . 1 . . . . 1 . . . . . . 1 4 . 1 Ballistic Gun 14 | . . . . . 4 . 3 2 1 . . . . 1 . 1 . . . . 1 . 1 Ballistic Cannon 4 | . . . . . . . . . 1 . . . . . . . . . . 2 1 . . Launcher 4 | . . 2 . . . . . . . 1 . . . . . . . . . . 1 . . Special Weapon 1 | . . . . . . . . . . . . . . . . 1 . . . . . . . Impact Weapon . | . . . . . . . . . . . . . . . . . . . . . . . . Slashing Weapon 1 | . . . . . . . . . . . . . . . 1 . . . . . . . . Piercing Weapon 1 | . . . . . . . . . . . . . . . . . . . . . 1 . . Special Melee Weapon . | . . . . . . . . . . . . . . . . . . . . . . . . Unidentified Prototypes 18 | . . . . . . 1 . . 1 . . 2 . . . 7 . . . . 6 . 1 Parts Lost 37 | . . . . . 2 . . . . . . . . 3 5 3 . . 3 2 6 1 12 Power 3 | . . . . . . . . . . . . . . 1 . . . . . . . . 2 Propulsion 8 | . . . . . . . . . . . . . . 2 3 . . . . . . . 3 Utility 19 | . . . . . 1 . . . . . . . . . 1 2 . . 2 1 4 1 7 Weapon 7 | . . . . . 1 . . . . . . . . . 1 1 . . 1 1 2 . . Highest Loss Streak 9 | . . . . . 2 . . . . . . . . 2 2 3 . . 2 2 3 1 9 To Critical Strikes 1 | . . . . . . . . . . . . . . . . . . . . . . . 1 Average Backups 10 | 6 6 7 8 9 10 11 10 10 10 10 11 10 10 10 10 10 10 10 9 9 13 9 11 Power 1 | 1 1 1 1 1 1 2 1 1 1 1 1 1 1 1 1 1 2 2 1 2 2 2 2 Propulsion 1 | 4 4 4 2 3 3 2 2 1 . 1 2 1 1 . . . 1 1 1 1 1 2 1 Utility 4 | . . . . 1 2 3 5 5 6 4 5 4 5 4 5 5 5 5 4 4 5 1 . Weapon 2 | 1 1 2 3 4 3 3 2 1 2 2 2 2 1 2 2 2 2 2 2 2 5 3 6 Tool/Special . | . . . . . . . . . . . . . . . . . . . . . . . . Unused Backups 26 | . . . . . 2 4 3 2 . . . 3 2 . 3 2 . . . 1 2 . 2 Power 3 | . . . . . . 1 1 . . . . . . . . . . . . 1 . . . Propulsion 4 | . . . . . . 3 . 1 . . . . . . . . . . . . . . . Utility 10 | . . . . . . . 1 1 . . . 2 2 . 1 2 . . . . 1 . . Weapon 9 | . . . . . 2 . 1 . . . . 1 . . 2 . . . . . 1 . 2 Tool/Special . | . . . . . . . . . . . . . . . . . . . . . . . . Average Slot Usage (%) 91 | . 85 95 100 100 93 95 100 100 95 99 99 87 80 75 94 87 88 88 87 83 85 88 67 Engine 4 | . 14 14 14 14 9 9 9 9 6 6 6 6 1 . 1 . . . . . . . . Reactor 2 | . . . . . . . . . . . . . . . . 4 5 5 10 10 9 8 7 Treads 17 | . . . 18 28 23 27 27 27 26 26 25 26 26 22 1 9 11 11 10 10 8 8 7 Leg 3 | . 28 28 9 . . . . . . . . . . . 18 2 . . . . . . . Device 17 | . . 9 14 14 16 9 1 4 15 19 19 19 17 17 23 21 23 23 18 17 28 29 23 Storage 8 | . 14 14 14 14 9 9 9 9 6 6 6 6 8 11 11 11 11 11 10 8 6 4 3 Processor 5 | . . . . . . . 7 4 . 5 6 6 11 11 6 5 5 5 5 5 3 7 7 Protection 5 | . . . . . . 7 9 9 7 6 6 6 1 . 3 4 5 5 9 9 5 8 5 Energy Gun 6 | . . . . . 6 6 9 6 . . . 3 6 4 15 16 17 17 15 7 6 4 1 Energy Cannon 2 | . . . . . . . . 2 6 . 4 2 . . 3 . . . . 4 7 12 4 Ballistic Gun 9 | . 28 14 14 14 26 27 27 27 18 13 13 4 . . . 4 5 5 5 2 . . 1 Ballistic Cannon 1 | . . . . . . . . . 1 6 6 2 . . . . . . . 5 2 . . Launcher 1 | . . 14 14 14 2 . . . . 5 1 . . . . . . . . . . . . Peak Build Rating 174 | 6 6 9 12 13 29 32 38 47 68 69 70 84 80 98 94 129 129 129 146 155 165 170 174 Average Rating 82 | 6 6 7 10 12 22 28 36 39 59 67 69 72 78 85 86 119 129 129 144 145 156 167 153 On Entrance 70 | 6 6 6 9 12 13 25 32 38 47 68 68 70 75 80 74 91 129 129 129 129 132 156 163 Naked Turns 33 | . . . . . . . . . . . . . . . . . . . . . . . 33 Heaviest Build 153 | 14 14 17 32 32 40 47 53 60 69 64 64 64 59 63 78 83 84 84 103 134 153 135 134 Greatest Support 160 | 20 20 20 40 40 64 64 64 64 108 108 108 110 110 116 88 160 160 160 160 160 160 150 150 Greatest Overweight (x) 6 | . . . . . . . . . . . . . . . 6 . . . . . 1 . . Average Overweight (x) . | . . . . . . . . . . . . . . . . . . . . . . . . Largest Inventory Capacity 20 | 8 8 8 15 15 15 15 15 15 15 15 15 15 15 15 15 15 15 15 15 15 20 20 20 Average Capacity 15 | 8 8 8 12 15 15 15 15 15 15 15 15 15 15 15 15 15 15 15 15 15 19 20 19 Most Carried 20 | 6 8 8 13 14 15 15 15 15 15 15 15 15 15 15 15 15 15 15 15 15 20 16 20 Average Carried 14 | 6 6 7 10 13 14 14 14 14 14 14 15 14 14 14 14 14 15 15 14 14 18 14 15 Final Capacity 20 | 8 8 8 15 15 15 15 15 15 15 15 15 15 15 15 15 15 15 15 15 15 20 20 5 Final Carried 17 | 6 8 8 13 14 15 15 15 15 15 15 15 15 15 14 15 15 15 15 14 15 17 14 5 Class Distribution -------------------- 27% | Skirmisher 20% | Scavenger-Tank 14% | Commander-Tank 9% | Mutant 8% | Derelict-Skirmisher 8% | Commander-Skirmisher 7% | Scavenger-Skirmisher Dominant Class ---------------- Mutant | -10/Materials Mutant | -10/Mines Mutant | -10/Exiles Mutant | -9/Mines Skirmisher | -8/Materials Skirmisher | -8/Storage Commander-Skirmisher | -8/Recycling Commander-Tank | -8/Scraptown Hacker-Skirmisher | -6/Factory Skirmisher | -6/Lower Caves Skirmisher | -6/Lower Caves Skirmisher | -6/Zion Derelict-Skirmisher | -5/Proximity Caves Derelict-Skirmisher | -5/Factory Scavenger-Skirmisher | -5/Extension Commander-Tank | -5/Cetus Commander-Tank | -5/Archives Commander-Tank | -5/Hub_04(d) Scavenger-Tank | -4/Factory Scavenger-Tank | -4/Armory Scavenger-Tank | -3/Research Scavenger-Tank | -2/Research Scavenger-Tank | -1/Access Resources | -11 -10 -10 -10 -9 -8 -8 -8 -8 -6 -6 -6 -6 -5 -5 -5 -5 -5 -5 -4 -4 -3 -2 -1 ----------- Run | Yrd Mat Min Exi Min Mat Sto Rec Scr Fac Low Low Zio Pro Fac Ext Cet Arc Hub Fac Arm Res Res Acc Matter Collected 4147 | 200 12 56 . 30 194 89 240 50 316 91 335 40 90 155 335 181 64 . 114 235 720 60 540 Remotely . | . . . . . . . . . . . . . . . . . . . . . . . . Salvage Created 8445 | . 45 . . . 264 183 170 . 395 91 433 . 470 870 1335 152 95 . 628 417 1433 247 1217 Parts 355 | . 2 . . . 11 14 4 . 18 3 10 . 22 35 52 7 2 . 28 20 56 6 65 Haulers Intercepted 3 | . . . . . . 1 . . 2 . . . . . . . . . . . . . . Recyclers Shooed 2 | . . . . . . . 1 . 1 . . . . . . . . . . . . . . Parts Field Recycled . | . . . . . . . . . . . . . . . . . . . . . . . . Retrieved Matter . | . . . . . . . . . . . . . . . . . . . . . . . . Parts Self-Destructed 31 | . . . . . . . . . . . 14 . 17 . . . . . . . . . . Prevented . | . . . . . . . . . . . . . . . . . . . . . . . . Kills | -11 -10 -10 -10 -9 -8 -8 -8 -8 -6 -6 -6 -6 -5 -5 -5 -5 -5 -5 -4 -4 -3 -2 -1 ------- Run | Yrd Mat Min Exi Min Mat Sto Rec Scr Fac Low Low Zio Pro Fac Ext Cet Arc Hub Fac Arm Res Res Acc Combat Hostiles Destroyed 121 | . 1 1 . . 2 2 3 . 3 . 11 . 6 13 19 . 1 . 8 7 26 3 15 Guns 70 | . 1 . . . 2 2 3 . 2 . 4 . 6 9 11 . 1 . 8 3 4 . 14 Cannons 25 | . . . . . . . . . 1 . 4 . . 1 3 . . . . 4 10 1 1 AOE 13 | . . 1 . . . . . . . . 3 . . 3 . . . . . . 6 . . Classes Destroyed 22 | . 1 1 . . 3 3 1 . 2 1 3 . . . 1 . . . . 2 4 . . Worker 5 | . . . . . . 1 . . . . . . . 1 . . . . 3 . . . . Builder 8 | . . . . . . . . . 2 . . . . 3 1 . . . 1 . . . 1 Hauler 3 | . . . . . . 1 . . 2 . . . . . . . . . . . . . . Recycler 2 | . . . . . 1 . . . . . . . . . . . . . 1 . . . . Mechanic 1 | . . . . . . . . . . . . . . . . . . . . 1 . . . Operator 2 | . . . . . 1 . . . 1 . . . . . . . . . . . . . . Watcher 7 | . . . . . 3 . . . . . . . . . 1 . . . . 1 . . 2 Swarmer 18 | . . . . . . . . . . . 1 . . . 5 . . . 3 . 9 . . Grunt 52 | . 1 . . . 2 . 2 . 2 . 6 . 4 11 5 . . . 3 . 10 1 5 Brawler 3 | . . . . . . . . . . . 1 . . . . . . . 1 . . . 1 Duelist 4 | . . . . . . . . . . . 2 . . . . . . . 1 . . . 1 Sentry 13 | . . . . . . 2 . . . . 1 . . 1 5 . 1 . . . 1 2 . Demolisher 2 | . . . . . . . . . . . . . . . . . . . . . 2 . . Specialist 2 | . . . . . . . . . . . . . . . . . . . . 2 . . . Hunter 7 | . . . . . . . 1 . . . . . . 1 2 . . . . . . . 3 Programmer 16 | . . . . . . . . . 2 . . . 2 1 . . . . . 5 1 . 5 Behemoth 2 | . . . . . . . . . . . . . . . 2 . . . . . . . . Striker 2 | . . . . . . . . . . . . . . . . . . . . . 2 . . Executioner 1 | . . . . . . . . . . . . . . . . . . . . . 1 . . Samaritan 5 | . . . . . . . . . . 3 . . 2 . . . . . . . . . . Assembled 1 | . . 1 . . . . . . . . . . . . . . . . . . . . . Thug 1 | . . . . . . . . . . . . . . . . 1 . . . . . . . Savage 1 | . . . . . . . . . . . . . . . . . . . 1 . . . . Butcher 1 | . . . . . . . . . . . . . . . 1 . . . . . . . . Guerrilla 1 | . . . . . . . . . . . . . . . 1 . . . . . . . . Revision 2 | . . . . . . . . . . . . . . . . . . . . . 2 . . Best Kill Streak 7 | . 1 1 . . 2 2 3 . 2 . 7 . 4 5 6 . 1 . 6 2 6 1 6 Combat Bots Only 7 | . 1 1 . . 2 2 3 . 1 . 7 . 4 5 6 . 1 . 3 2 6 1 6 Max Kills in Single Turn 5 | . 1 1 . . 1 1 1 . 2 1 2 . 2 5 2 2 1 . 5 1 2 1 1 Gunslinging . | . . . . . . . . . . . . . . . . . . . . . . . . Exploded 3 | . . 1 . . . . . . . . 2 . . 3 . . . . . . 2 . . Melee . | . . . . . . . . . . . . . . . . . . . . . . . . Uniques/NPCs Destroyed 1 | . . . . . . . . . . . . . . . . 1 . . . . . . . A7 (-5/Cetus) Combat | -11 -10 -10 -10 -9 -8 -8 -8 -8 -6 -6 -6 -6 -5 -5 -5 -5 -5 -5 -4 -4 -3 -2 -1 -------- Run | Yrd Mat Min Exi Min Mat Sto Rec Scr Fac Low Low Zio Pro Fac Ext Cet Arc Hub Fac Arm Res Res Acc Hostile Shots Fired 765 | . 2 2 . . 38 6 7 . 12 . 38 . 24 24 80 32 17 . 81 54 53 7 288 Missed 237 | . 1 1 . . 9 . 3 . 2 . 16 . 9 8 31 15 5 . 20 16 17 3 81 Hits 528 | . 1 1 . . 29 6 4 . 10 . 22 . 15 16 49 17 12 . 61 38 36 4 207 Melee 9 | . . . . . . . . . . . 4 . . . . . . . 2 2 1 . . Projectile 519 | . 1 1 . . 29 6 4 . 10 . 18 . 15 16 49 17 12 . 59 36 35 4 207 AOE 3 | . . . . . . . . . . . . . . . . . . . . . 2 . 1 Critical Strikes 24 | . . . . . 4 . . . . . . . 3 . 2 3 . . . 2 2 1 7 Part Disruptions 1 | . . . . . . . . . . . . . . . . . . . . . . . 1 Damage Taken 12297 | . 10 41 . . 450 85 63 . 236 . 535 . 291 493 1094 492 299 . 1564 857 1389 174 4224 Core 2220 | . . . . . 44 . . . 57 . . . 19 46 181 50 . . 55 50 116 . 1602 Absorbed by Shields 74 | . . . . . . . . . 9 . . . . . . 65 . . . . . . . Reduced by Siege Mode 105 | . . . . . . . . . . . . . . . . . . . . 13 32 . 60 Core Remaining (%) 92 | 100 . . . 100 . . . 92 . . . . 91 . . . . 72 . 90 91 100 . Volleys Fired 331 | . 2 2 . . 14 5 4 . 13 4 14 1 13 25 71 16 6 . 22 15 39 6 59 Largest 4 | . 2 2 . . 4 4 4 . 4 3 4 1 1 1 4 4 4 . 4 4 4 4 2 Hottest 395 | . 40 50 . . 120 126 126 . 164 89 164 75 250 250 324 275 275 . 289 298 376 395 223 Shots Fired 795 | . 4 4 . . 53 16 16 . 50 12 53 1 13 25 173 41 15 . 53 38 145 19 64 Gun 539 | . 4 2 . . 53 16 16 . 30 8 28 . 11 22 125 39 15 . 53 17 48 3 49 Cannon 242 | . . . . . . . . . 20 4 20 1 2 3 48 . . . . 21 92 16 15 Launcher 12 | . . 2 . . . . . . . . 5 . . . . . . . . . 5 . . Special 2 | . . . . . . . . . . . . . . . . 2 . . . . . . . Kinetic 313 | . 4 2 . . 42 13 12 . 39 12 42 . . 5 . 9 6 . 22 16 40 . 49 Thermal 283 | . . . . . 9 3 4 . . . . . 11 17 100 25 9 . 31 14 49 9 2 Explosive 12 | . . 2 . . . . . . . . 5 . . . . . . . . . 5 . . Electromagnetic 185 | . . . . . 2 . . . 11 . 6 1 2 3 73 5 . . . 8 51 10 13 Robot Hit Streak 21 | . 2 1 . . 9 4 6 . 5 10 8 . 6 5 10 13 8 . 7 16 17 9 21 Robot Miss Streak 7 | . 1 3 . . 3 3 2 . 4 1 5 . 7 6 4 2 2 . 3 2 3 3 5 Penetration Max 1 | . . . . . . . . . 1 . 1 . . . . 1 . . 1 . . . . Secondary Targets 3 | . . . . . 1 . . . . . . . . . 1 . . . 1 . . . . Max Gunslinging Chain 1 | . . . . . 1 . . . . . . . . . 1 . . . 1 . . . . Shots Hit Robots 513 | . 3 1 . . 29 9 13 . 24 9 29 . 11 19 113 36 11 . 33 25 83 12 53 Core Hits 338 | . 1 1 . . 12 6 8 . 20 9 37 . 23 38 40 10 6 . 22 12 37 4 52 Critical Kills 10 | . . . . . . 1 . . 1 . 1 . . . . . 1 . 2 1 2 1 . Critical Parts Destroyed 2 | . . . . . . . . . . . . . . . . 1 . . 1 . . . . Critical Strikes 24 | . . . . . . 2 . . 1 . 1 . . . 5 3 1 . 3 2 5 1 . Burn 4 | . . . . . . 1 . . . . . . . . 2 1 . . . . . . . Meltdown 1 | . . . . . . . . . . . . . . . . . . . . . . 1 . Destroy 12 | . . . . . . 1 . . 1 . 1 . . . . 2 1 . 3 1 2 . . Blast 2 | . . . . . . . . . . . . . . . . . . . . 1 1 . . Corrupt 5 | . . . . . . . . . . . . . . . 3 . . . . . 2 . . Melee Attacks . | . . . . . . . . . . . . . . . . . . . . . . . . Impact . | . . . . . . . . . . . . . . . . . . . . . . . . Slashing . | . . . . . . . . . . . . . . . . . . . . . . . . Piercing . | . . . . . . . . . . . . . . . . . . . . . . . . Sneak Attacks . | . . . . . . . . . . . . . . . . . . . . . . . . Combat Hostiles . | . . . . . . . . . . . . . . . . . . . . . . . . Follow-up Attacks . | . . . . . . . . . . . . . . . . . . . . . . . . Damage Inflicted 22502 | . 40 102 . . 460 130 226 . 827 224 1353 . 897 2428 3430 1042 325 29 1633 1045 4333 438 3540 Guns 13334 | . 40 . . . 403 130 220 . 420 145 329 . 897 1385 2303 1042 325 . 1268 492 796 29 3110 Cannons 5274 | . . . . . . . . . 401 79 266 . . 74 914 . . . . 525 2201 409 405 Explosions 3734 | . . 98 . . 51 . . . . . 758 . . 942 188 . . . 361 . 1336 . . Melee . | . . . . . . . . . . . . . . . . . . . . . . . . Ramming 160 | . . 4 . . 6 . 6 . 6 . . . . 27 25 . . 29 4 28 . . 25 Kinetic 7191 | . 40 . . . 284 101 176 . 607 224 531 . . . . 246 124 . 380 477 891 . 3110 Thermal 8745 | . . . . . 155 29 44 . . . . . 897 2086 2014 688 201 . 1249 421 814 147 . Explosive 2192 | . . 98 . . . . . . . . 758 . . . . . . . . . 1336 . . Electromagnetic 4214 | . . . . . 15 . . . 214 . 64 . . 315 1391 108 . . . 119 1292 291 405 Impact . | . . . . . . . . . . . . . . . . . . . . . . . . Slashing . | . . . . . . . . . . . . . . . . . . . . . . . . Piercing . | . . . . . . . . . . . . . . . . . . . . . . . . Highest Corruption 11 | . . . . . . . . . . . . . . . . . . . . 4 11 . 7 Average Corruption 2 | . . . . . . . . . . . . . . . . . . . . 2 11 . 1 Corruption Purged . | . . . . . . . . . . . . . . . . . . . . . . . . Corruption Blocked . | . . . . . . . . . . . . . . . . . . . . . . . . Effects 13 | . . . . . . . . . . . . . . . . . . . . 5 3 . 5 Message Errors 6 | . . . . . . . . . . . . . . . . . . . . 2 1 . 3 Matter Fused 2 | . . . . . . . . . . . . . . . . . . . . 1 . . 1 Heat Flow Errors 1 | . . . . . . . . . . . . . . . . . . . . . 1 . . Energy Discharges 3 | . . . . . . . . . . . . . . . . . . . . 1 1 . 1 Data Loss (minor) 1 | . . . . . . . . . . . . . . . . . . . . 1 . . . Overload Shots . | . . . . . . . . . . . . . . . . . . . . . . . . Overflow Damage 641 | . . 22 . . . . . . 8 15 35 . . 155 16 . . 9 90 . 261 . 30 Projectiles 153 | . . . . . . . . . 8 15 . . . 20 . . . . . . 80 . 30 Explosions 479 | . . 22 . . . . . . . . 35 . . 135 16 . . . 90 . 181 . . Melee 9 | . . . . . . . . . . . . . . . . . . 9 . . . . . Knockbacks 14 | . . . . . . . . . 1 . 4 . . . 1 . . 1 . 3 4 . . Impact 2 | . . . . . . . . . . . . . . . 1 . . 1 . . . . . Kinetic 11 | . . . . . . . . . 1 . 4 . . . . . . . . 3 3 . . Secondary 1 | . . . . . . . . . . . . . . . . . . . . . 1 . . Self-Inflicted Damage 271 | . . 28 . . . . . . . . 18 . . 190 . . . . . . 33 . 2 Shots 9 | . . 2 . . . . . . . . 1 . . 4 . . . . . . 2 . . Rammed 11 | . . . . . . . 1 . . . . . . 2 . . . 1 1 1 . . 5 Targets Rammed 17 | . . 1 . . 1 . 1 . 2 . . . . 2 2 . . 1 1 1 . . 5 Kicked 3 | . . 1 . . . . . . . . . . . . 2 . . . . . . . . Crushed 3 | . . . . . 1 . . . 2 . . . . . . . . . . . . . . Highest Temperature 315 | . . . . . 28 21 135 . 108 . 114 . 185 222 315 171 78 . 204 177 303 297 . Average Temperature 69 | . . . . . 12 13 54 . 35 . 34 . 79 91 64 64 37 . 84 81 81 106 . Received Heat Transfer 1235 | . 6 . . . 162 18 9 . 27 . 90 . 145 111 147 36 18 . 177 90 91 9 99 Siege Activations 13 | . . . . . . . . . . . . . . . . . . . . 3 4 1 5 Total Turns 152 | . . . . . . . . . . . . . . . . . . . . 39 41 11 61 Longest Duration 35 | . . . . . . . . . . . . . . . . . . . . 24 14 11 35 Martial Activations . | . . . . . . . . . . . . . . . . . . . . . . . . Shielding Activations . | . . . . . . . . . . . . . . . . . . . . . . . . Robots Disrupted . | . . . . . . . . . . . . . . . . . . . . . . . . Combat Hostiles . | . . . . . . . . . . . . . . . . . . . . . . . . Robots Corrupted 14 | . . . . . . . . . . . . . . . 5 . . . . . 6 1 2 Combat Hostiles 12 | . . . . . . . . . . . . . . . 5 . . . . . 6 1 . Parts Fried 20 | . . . . . . . . . 2 . . . . . 9 . . . . . 6 2 1 Impact Corruptions 1 | . . . . . . . . . . . . . . . . . . 1 . . . . . Robots Melted 1 | . . . . . . . . . . . . . . . . . . . . . . 1 . Combat Hostiles 1 | . . . . . . . . . . . . . . . . . . . . . . 1 . Parts Melted 18 | . . . . . 1 . . . . . . . 3 4 3 1 1 . 2 . 2 1 . Heat Transferred 11202 | . . . . . 309 148 111 . . . . . 1275 2475 3123 869 222 . 1275 350 897 148 . Parts Sabotaged 7 | . . . . . . . . . . . 3 . . . . . . . . 4 . . . Parts Stolen . | . . . . . . . . . . . . . . . . . . . . . . . . Parts Stripped . | . . . . . . . . . . . . . . . . . . . . . . . . Power Chain Reactions 2 | . . . . . 1 . . . . . . . . . 1 . . . . . . . . Alert | -11 -10 -10 -10 -9 -8 -8 -8 -8 -6 -6 -6 -6 -5 -5 -5 -5 -5 -5 -4 -4 -3 -2 -1 ------- Run | Yrd Mat Min Exi Min Mat Sto Rec Scr Fac Low Low Zio Pro Fac Ext Cet Arc Hub Fac Arm Res Res Acc Maximum Alert Level 4 | . . . . . . . . . . . . . . 1 2 1 1 1 4 2 1 . 1 Low Security (%) 70 | 100 100 100 . 100 100 100 100 . 100 . . . . 88 59 . 42 84 46 . 80 100 47 Level 1 18 | . . . . . . . . . . . . . . 11 31 100 57 15 18 . 19 . 52 Level 2 8 | . . . . . . . . . . . . . . . 9 . . . . 100 . . . Level 3 1 | . . . . . . . . . . . . . . . . . . . 23 . . . . Level 4 . | . . . . . . . . . . . . . . . . . . . 12 . . . . Level 5 . | . . . . . . . . . . . . . . . . . . . . . . . . High Security . | . . . . . . . . . . . . . . . . . . . . . . . . Max Security . | . . . . . . . . . . . . . . . . . . . . . . . . Peak Influence 1360 | . 30 5 . . 87 50 60 . 96 . . . . 393 464 348 266 279 1360 615 387 193 383 Initial 615 | . . . . . . 7 . . . . . . . . 176 258 82 82 131 615 249 193 88 Average 168 | . 5 . . . 41 21 4 . 20 . . . . 71 202 280 192 105 486 505 152 154 195 Influence Increases 7383 | . 30 13 . . 179 80 122 . 282 . 262 . 140 591 1244 271 224 287 1871 263 802 134 588 Destroy 0b10 Robot/C 3660 | . 20 . . . 80 40 80 . 120 . 240 . 120 300 740 160 80 100 560 140 520 60 300 Destroy 0b10 Robot/NC 195 | . . . . . 25 10 5 . 30 . . . . 20 25 10 . 5 40 10 . . 15 Destroy Leader 582 | . 10 . . . 36 22 . . 34 . 20 . 20 50 64 . . 20 70 42 110 20 64 Allied During Kill 1330 | . . . . . 10 . 6 . 13 . 2 . . 18 327 97 80 125 649 3 . . . Successful Hack 88 | . . . . . 4 7 30 . 10 . . . . . 24 . . 8 5 . . . . Disable Machine 735 | . . . . . 15 . . . 60 . . . . 135 15 . 60 15 360 60 . 15 . Anti-Garrison Action 200 | . . . . . . . . . . . . . . . . . . . . . . . 200 Destroy Structure 488 | . . 13 . . 9 1 1 . . . . . . 68 34 4 4 14 172 8 142 9 9 Lose Combat Pursuer 105 | . . . . . . . . . 15 . . . . . 15 . . . 15 . 30 30 . Influence Decreases 7102 | . 30 13 . . 160 99 122 . 244 38 262 . 140 230 1143 528 193 254 884 1043 933 332 454 Entered New Map 1910 | . . . . . . 12 . . . 15 . . . . 185 204 123 154 138 641 227 152 59 Time Decay 4067 | . 30 13 . . 120 87 122 . 229 23 242 . 140 210 648 254 50 80 366 362 646 170 275 Lost Part 360 | . . . . . 20 . . . . . . . . 20 50 30 . . 30 20 60 10 120 Lost Ally 615 | . . . . . 20 . . . 15 . 20 . . . 260 40 20 20 200 20 . . . Purge Threat 150 | . . . . . . . . . . . . . . . . . . . 150 . . . . Squads Dispatched 37 | . 1 . . . 1 . . . 4 . 1 . . 3 2 . . 2 7 4 5 . 7 Investigation 7 | . 1 . . . 1 . . . . . . . . . 1 . . . . . 2 . 2 Extermination 8 | . . . . . . . . . 2 . . . . 1 . . . . 2 2 . . 1 Reinforcement 17 | . . . . . . . . . 2 . . . . 2 1 . . 1 4 1 3 . 3 Assault 3 | . . . . . . . . . . . 1 . . . . . . . 1 1 . . . Garrison 2 | . . . . . . . . . . . . . . . . . . 1 . . . . 1 Intercept . | . . . . . . . . . . . . . . . . . . . . . . . . Searches Triggered . | . . . . . . . . . . . . . . . . . . . . . . . . Construction Impeded 5 | . . . . . . . . . . . . . . 1 1 . . 1 1 . . . 1 Haulers Reinforced 1 | . . . . . . . . . . . . . . . . . . . . . 1 . . Active Scanning Responses . | . . . . . . . . . . . . . . . . . . . . . . . . Cargo Convoy Interrupts . | . . . . . . . . . . . . . . . . . . . . . . . . Stealth | -11 -10 -10 -10 -9 -8 -8 -8 -8 -6 -6 -6 -6 -5 -5 -5 -5 -5 -5 -4 -4 -3 -2 -1 --------- Run | Yrd Mat Min Exi Min Mat Sto Rec Scr Fac Low Low Zio Pro Fac Ext Cet Arc Hub Fac Arm Res Res Acc Distress Signals 18 | . . . . . 2 1 . . 1 . . . . . 2 1 . . 1 3 6 . 1 Communications Jammed . | . . . . . . . . . . . . . . . . . . . . . . . . Distress Signals . | . . . . . . . . . . . . . . . . . . . . . . . . Times Spotted 272 | . 2 1 . . 16 6 4 . 12 . 13 . 6 17 41 10 4 1 35 27 37 3 37 Peak Tracking Total 18 | . 1 1 . . 7 4 4 . 3 . 7 . 4 5 6 5 3 1 8 18 6 3 15 Tactical Retreats 7 | . . . . . . . . . 1 . . . . . 1 . . . 1 . 2 2 . Traps | -11 -10 -10 -10 -9 -8 -8 -8 -8 -6 -6 -6 -6 -5 -5 -5 -5 -5 -5 -4 -4 -3 -2 -1 ------- Run | Yrd Mat Min Exi Min Mat Sto Rec Scr Fac Low Low Zio Pro Fac Ext Cet Arc Hub Fac Arm Res Res Acc Traps Triggered 9 | . . . . . 1 1 . . . . . . . . 5 . . . 1 . 1 . . Indirectly . | . . . . . . . . . . . . . . . . . . . . . . . . Trap Hack Attempts . | . . . . . . . . . . . . . . . . . . . . . . . . Triggered . | . . . . . . . . . . . . . . . . . . . . . . . . Disarmed . | . . . . . . . . . . . . . . . . . . . . . . . . Reprogrammed . | . . . . . . . . . . . . . . . . . . . . . . . . Reused . | . . . . . . . . . . . . . . . . . . . . . . . . Traps Extracted . | . . . . . . . . . . . . . . . . . . . . . . . . Installed . | . . . . . . . . . . . . . . . . . . . . . . . . Triggered . | . . . . . . . . . . . . . . . . . . . . . . . . Machines | -11 -10 -10 -10 -9 -8 -8 -8 -8 -6 -6 -6 -6 -5 -5 -5 -5 -5 -5 -4 -4 -3 -2 -1 ---------- Run | Yrd Mat Min Exi Min Mat Sto Rec Scr Fac Low Low Zio Pro Fac Ext Cet Arc Hub Fac Arm Res Res Acc Machines Disabled 51 | . . . . . 1 . . . 4 . 1 . . 9 1 1 4 1 24 4 . 1 . Max in Single Turn 23 | . . . . . 1 . . . 1 . 1 . . 9 1 . 1 . 23 1 . 1 . Garrison Access 2 | . . . . . . . . . . . . . . . . . . . . . 1 . 1 Machines Repaired . | . . . . . . . . . . . . . . . . . . . . . . . . Machines Dismantled . | . . . . . . . . . . . . . . . . . . . . . . . . Machines Sabotaged . | . . . . . . . . . . . . . . . . . . . . . . . . Overloaded Fab Kills . | . . . . . . . . . . . . . . . . . . . . . . . . Hacking | -11 -10 -10 -10 -9 -8 -8 -8 -8 -6 -6 -6 -6 -5 -5 -5 -5 -5 -5 -4 -4 -3 -2 -1 --------- Run | Yrd Mat Min Exi Min Mat Sto Rec Scr Fac Low Low Zio Pro Fac Ext Cet Arc Hub Fac Arm Res Res Acc Machines Accessed 41 | . 2 . 2 . 2 1 6 . 1 3 . . . 1 10 . . 3 3 . 2 1 4 Terminals 31 | . 2 . . . 2 1 6 . 1 . . . . . 10 . . 3 2 . . 1 3 Fabricators 4 | . . . . . . . . . . . . . . 1 . . . . 1 . 2 . . Repair Stations . | . . . . . . . . . . . . . . . . . . . . . . . . Recycling Units . | . . . . . . . . . . . . . . . . . . . . . . . . Scanalyzers . | . . . . . . . . . . . . . . . . . . . . . . . . Garrison Access 1 | . . . . . . . . . . . . . . . . . . . . . . . 1 Total Hacks 87 | . 4 . 2 . 7 1 13 . 5 6 . . . 3 19 . . 5 7 . 5 1 9 Successful 40 | . . . 2 . 1 1 5 . 4 6 . . . 2 8 . . 1 5 . 4 . 1 Failed 47 | . 4 . . . 6 . 8 . 1 . . . . 1 11 . . 4 2 . 1 1 8 Catastrophic 13 | . 1 . . . . . 2 . . . . . . 1 4 . . . . . 1 1 3 Database Lockouts . | . . . . . . . . . . . . . . . . . . . . . . . . Manual 36 | . 1 . 1 . 6 1 8 . 4 . . . . . 4 1 . 2 2 . . . 6 Terminals 66 | . 4 . . . 7 1 13 . 5 . . . . . 19 . . 5 5 . . 1 6 Fabricators 10 | . . . . . . . . . . . . . . 3 . . . . 2 . 5 . . Repair Stations . | . . . . . . . . . . . . . . . . . . . . . . . . Recycling Units . | . . . . . . . . . . . . . . . . . . . . . . . . Scanalyzers . | . . . . . . . . . . . . . . . . . . . . . . . . Garrison Access 3 | . . . . . . . . . . . . . . . . . . . . . . . 3 Terminal Hacks 24 | . . . 2 . 1 1 3 . 3 6 . . . . 5 . . 1 2 . . . . Record 5 | . . . 1 . . . . . . 4 . . . . . . . . . . . . . Part Schematic 1 | . . . . . . . 1 . . . . . . . . . . . . . . . . Robot Schematic 1 | . . . . . . . . . . . . . . . . . . 1 . . . . . Prototype ID Bank 3 | . . . . . . . 2 . 1 . . . . . . . . . . . . . . Open Door 8 | . . . . . . 1 . . . 2 . . . . 5 . . . . . . . . Branch Access Points 1 | . . . . . . . . . 1 . . . . . . . . . . . . . . Unreport Threat 1 | . . . . . . . . . . . . . . . . . . . 1 . . . . Locate Traps 3 | . . . . . 1 . . . 1 . . . . . . . . . 1 . . . . Proto ID Catalog 1 | . . . 1 . . . . . . . . . . . . . . . . . . . . Fabricator Hacks 8 | . . . . . . . . . . . . . . 2 . . . . 2 . 4 . . Network Status 3 | . . . . . . . . . . . . . . . . . . . . . 3 . . Load Schematic 3 | . . . . . . . . . . . . . . 1 . . . . 1 . 1 . . Build 2 | . . . . . . . . . . . . . . 1 . . . . 1 . . . . Repair Station Hacks . | . . . . . . . . . . . . . . . . . . . . . . . . Recycling Unit Hacks . | . . . . . . . . . . . . . . . . . . . . . . . . Scanalyzer . | . . . . . . . . . . . . . . . . . . . . . . . . Garrison Access Hacks . | . . . . . . . . . . . . . . . . . . . . . . . . Unauthorized Hacks 8 | . . . . . . . 2 . 1 . . . . . 3 . . . 1 . . . 1 Terminals 7 | . . . . . . . 2 . 1 . . . . . 3 . . . 1 . . . . Botnet 7 | . . . . . . . 2 . 1 . . . . . 3 . . . 1 . . . . Fabricators . | . . . . . . . . . . . . . . . . . . . . . . . . Repair Stations . | . . . . . . . . . . . . . . . . . . . . . . . . Recycling Units . | . . . . . . . . . . . . . . . . . . . . . . . . Scanalyzers . | . . . . . . . . . . . . . . . . . . . . . . . . Garrison Access 1 | . . . . . . . . . . . . . . . . . . . . . . . 1 Jam 1 | . . . . . . . . . . . . . . . . . . . . . . . 1 Data Cores Recovered 1 | . . . . . . . . . . . . . . . . . . 1 . . . . . Used 1 | . . . . . . . . . . . . . . . . . . 1 . . . . . Hacking Detections 27 | . 2 . . . 2 . 6 . . . . . . 1 4 . . 3 2 . 2 1 4 Full Trace Events 3 | . 1 . . . . . 1 . . . . . . . . . . . . . . . 1 Feedback Events . | . . . . . . . . . . . . . . . . . . . . . . . . Feedback Blocked . | . . . . . . . . . . . . . . . . . . . . . . . . Robot Schematics Acquired 5 | . . . . . . . . . . . . 4 . . . . . 1 . . . . . Robots Built 4 | . . . . . . . . . . . . . . 2 . . . . 2 . . . . Authchips 2 | . . . . . . . . . . . . . . 1 . . . . 1 . . . . Time 126 | . . . . . . . . . . . . . . 50 . . . . 76 . . . . Total Robot Build Rating 20 | . . . . . . . . . . . . . . 10 . . . . 10 . . . . Part Schematics Acquired 16 | . . . . . . . 1 . . . . 15 . . . . . . . . . . . Parts Built . | . . . . . . . . . . . . . . . . . . . . . . . . Authchips . | . . . . . . . . . . . . . . . . . . . . . . . . Time . | . . . . . . . . . . . . . . . . . . . . . . . . Total Part Build Rating . | . . . . . . . . . . . . . . . . . . . . . . . . Parts Repaired . | . . . . . . . . . . . . . . . . . . . . . . . . Time . | . . . . . . . . . . . . . . . . . . . . . . . . Parts Recycled . | . . . . . . . . . . . . . . . . . . . . . . . . Recycled Matter . | . . . . . . . . . . . . . . . . . . . . . . . . Retrieved Matter . | . . . . . . . . . . . . . . . . . . . . . . . . Retrieved Components . | . . . . . . . . . . . . . . . . . . . . . . . . Parts Scanalyzed . | . . . . . . . . . . . . . . . . . . . . . . . . Part Schematics Acquired . | . . . . . . . . . . . . . . . . . . . . . . . . Parts Damaged . | . . . . . . . . . . . . . . . . . . . . . . . . Bothacking | -11 -10 -10 -10 -9 -8 -8 -8 -8 -6 -6 -6 -6 -5 -5 -5 -5 -5 -5 -4 -4 -3 -2 -1 ------------ Run | Yrd Mat Min Exi Min Mat Sto Rec Scr Fac Low Low Zio Pro Fac Ext Cet Arc Hub Fac Arm Res Res Acc Used RIF Installer . | . . . . . . . . . . . . . . . . . . . . . . . . Robots Hacked . | . . . . . . . . . . . . . . . . . . . . . . . . Non-combat . | . . . . . . . . . . . . . . . . . . . . . . . . Combat . | . . . . . . . . . . . . . . . . . . . . . . . . Robot Hacks Applied . | . . . . . . . . . . . . . . . . . . . . . . . . Relay Couplers Released 3 | . . . . . . . . . . . . . . . . . . . . . 3 . . Machine Destruction 3 | . . . . . . . . . . . . . . . . . . . . . 3 . . Fabnet Peak Effective % . | . . . . . . . . . . . . . . . . . . . . . . . . Robots Rewired 31 | . . . . . . . 6 . . . 2 . . . 21 . . . . 2 . . . Allies Hacked 1 | . . . . . . . . . 1 . . . . . . . . . . . . . . Hacks Repelled . | . . . . . . . . . . . . . . . . . . . . . . . . Allies | -11 -10 -10 -10 -9 -8 -8 -8 -8 -6 -6 -6 -6 -5 -5 -5 -5 -5 -5 -4 -4 -3 -2 -1 -------- Run | Yrd Mat Min Exi Min Mat Sto Rec Scr Fac Low Low Zio Pro Fac Ext Cet Arc Hub Fac Arm Res Res Acc Total Allies 52 | . . . . 2 . . 6 . . 2 2 . . 2 29 5 . . 2 2 . . . Largest Group 16 | . . . . 2 2 . 6 6 6 2 2 1 1 2 15 16 16 15 13 2 . . . Highest-Rated Group 771 | . . . . 48 48 . 95 95 95 51 61 32 32 82 531 771 771 740 678 94 . . . Highest-Rated Ally 159 | . . . . 31 31 . 27 27 27 31 32 32 32 41 159 159 96 96 96 64 . . . Total Orders 5 | . . . . . . . 3 . . . . . . . . 2 . . . . . . . STAY 2 | . . . . . . . 1 . . . . . . . . 1 . . . . . . . FOLLOW 3 | . . . . . . . 2 . . . . . . . . 1 . . . . . . . Ally Attacks 462 | . . . . . 23 . 4 . 26 . 3 . 2 10 153 61 26 21 131 2 . . . Total Damage 12487 | . . . . . 335 . 58 . 283 . 36 . 15 289 3567 1520 738 693 4896 57 . . . Kills 78 | . . . . . 2 . 1 . 5 . 1 . . 2 21 10 3 7 26 . . . . Allies Corrupted 1 | . . . . . . . . . . . . . . . . . . . . 1 . . . Allies Melted . | . . . . . . . . . . . . . . . . . . . . . . . . Intel | -11 -10 -10 -10 -9 -8 -8 -8 -8 -6 -6 -6 -6 -5 -5 -5 -5 -5 -5 -4 -4 -3 -2 -1 ------- Run | Yrd Mat Min Exi Min Mat Sto Rec Scr Fac Low Low Zio Pro Fac Ext Cet Arc Hub Fac Arm Res Res Acc Active Infowar (turns) 14670 | . . 442 882 235 309 . . . . 1864 922 1844 1006 690 2362 544 104 169 893 833 569 358 644 Optics 6987 | . . . . . . . . . . . . . 823 690 2362 544 104 169 893 833 569 . . Sensors 6320 | . . . . . . . . . . 1864 922 1844 916 690 84 . . . . . . . . Terrain 1002 | . . . . . . . . . . . . . . . . . . . . . . 358 644 Structural 1868 | . . 442 882 235 309 . . . . . . . . . . . . . . . . . . Robot Analysis Total . | . . . . . . . . . . . . . . . . . . . . . . . . Derelict Logs Recovered 9 | . . 1 . 1 . . . . . 2 . 3 2 . . . . . . . . . . Drone Launches . | . . . . . . . . . . . . . . . . . . . . . . . . Drone Recoveries . | . . . . . . . . . . . . . . . . . . . . . . . . Exploration | -11 -10 -10 -10 -9 -8 -8 -8 -8 -6 -6 -6 -6 -5 -5 -5 -5 -5 -5 -4 -4 -3 -2 -1 ------------- Run | Yrd Mat Min Exi Min Mat Sto Rec Scr Fac Low Low Zio Pro Fac Ext Cet Arc Hub Fac Arm Res Res Acc Turns Passed 21405 | 2 128 646 882 235 309 202 1257 2021 1104 1866 922 1844 1006 690 2362 544 104 169 893 833 2344 358 684 Spaces Moved 12275 | 2 101 439 609 147 153 112 764 1331 669 1141 516 1127 578 360 1053 270 44 105 513 424 1291 203 323 Core 65 | . . . . . . . . . . . . . . . . . . . . . . . 65 Treads 10466 | . . . 361 147 153 112 764 1331 669 1141 516 1127 578 360 122 247 44 105 513 424 1291 203 258 Legs 1736 | 2 101 439 248 . . . . . . . . . . . 923 23 . . . . . . . Wheels 8 | . . . . . . . . . . . . . . . 8 . . . . . . . . Hover . | . . . . . . . . . . . . . . . . . . . . . . . . Flight . | . . . . . . . . . . . . . . . . . . . . . . . . Fastest Speed 50 | 120 120 120 120 160 150 150 150 150 155 162 162 156 156 156 120 120 160 160 160 160 152 152 50 Average Speed 154 | 120 120 120 143 160 154 150 150 150 155 162 162 161 156 158 165 156 160 160 160 160 157 152 135 Slowest Speed 400 | 120 120 120 160 160 160 150 150 153 162 162 163 162 156 160 400 160 160 160 160 160 240 152 180 Overloaded Moves . | . . . . . . . . . . . . . . . . . . . . . . . . Propulsion Burnouts . | . . . . . . . . . . . . . . . . . . . . . . . . Robots Hopped . | . . . . . . . . . . . . . . . . . . . . . . . . Potential Cave-ins . | . . . . . . . . . . . . . . . . . . . . . . . . Cave-ins Triggered 1 | . . . . . . . . . . . . . . . . . . . . . 1 . . Exploration Rate (%) 46 | 1 15 83 90 45 18 18 94 59 19 96 56 85 78 14 93 60 66 12 20 27 42 4 11 Regions Visited 23 Branch Regions 15 Pre-discovered Areas 2 | . . 1 1 . . . . . . . . . . . . . . . . . . . . Known Exits Taken 8 | . . . . . 1 . 1 . 1 1 1 1 1 1 . . . . . . . . . Unknown Exits Taken 15 | 1 1 1 1 1 . 1 . 1 . . . . . . 1 1 1 1 1 1 1 1 . Scrap Searched 15 | . . 2 . 1 . . . 6 . 1 1 2 2 . . . . . . . . . . Spaces Dug 4 | . . . . . . . . . . . . . . 1 . . . . . . 1 1 1 Terrain Destroyed 275 | . . 18 . . 8 . . . 1 . 33 . . 35 9 1 1 . 71 4 90 2 2 Melee . | . . . . . . . . . . . . . . . . . . . . . . . . Projectile 62 | . . . . . . . . . 1 . . . . 3 4 1 1 . 15 4 29 2 2 AOE 213 | . . 18 . . 8 . . . . . 33 . . 32 5 . . . 56 . 61 . . Terrain Rammed . | . . . . . . . . . . . . . . . . . . . . . . . . Walls Destroyed . | . . . . . . . . . . . . . . . . . . . . . . . . Machines Disabled . | . . . . . . . . . . . . . . . . . . . . . . . . Actions | -11 -10 -10 -10 -9 -8 -8 -8 -8 -6 -6 -6 -6 -5 -5 -5 -5 -5 -5 -4 -4 -3 -2 -1 --------- Run | Yrd Mat Min Exi Min Mat Sto Rec Scr Fac Low Low Zio Pro Fac Ext Cet Arc Hub Fac Arm Res Res Acc Total 14130 | 1 104 555 616 147 193 137 871 1352 703 1151 567 1156 649 443 1550 364 67 106 543 548 1514 239 554 Wait 722 | . . 104 . . 8 8 20 . 1 . 2 . 42 35 82 41 16 1 2 84 109 23 144 Move 12252 | 1 100 438 608 146 152 111 763 1330 668 1140 515 1126 577 359 1052 269 43 104 512 423 1290 202 323 Hop . | . . . . . . . . . . . . . . . . . . . . . . . . Pick Up 71 | . 2 3 3 1 2 5 4 5 3 2 . 6 3 6 7 4 . . 2 2 8 . 3 Fast Attach 88 | . . 1 . . 3 2 . 1 2 . 3 6 3 3 18 12 1 . . 6 23 . 4 Attach 47 | . . . 2 . 2 . 1 1 4 2 . . 1 7 3 1 . . 3 1 7 4 8 Detach 37 | . . . . . . . 1 1 1 2 . 3 1 . 5 . . . . 1 15 1 6 Swap 64 | . . 2 1 . 6 1 5 5 5 1 3 1 2 1 15 4 . . 1 4 5 2 . Drop 131 | . . 4 2 . 5 5 9 9 4 . . 13 7 5 26 17 1 . . 3 18 1 2 Fire 331 | . 2 2 . . 14 5 4 . 13 4 14 1 13 25 71 16 6 . 22 15 39 6 59 Melee . | . . . . . . . . . . . . . . . . . . . . . . . . Ram 1 | . . . . . . . . . . . . . . . . . . . . . . . 1 Kick 3 | . . 1 . . . . . . . . . . . . 2 . . . . . . . . Crush 13 | . . . . . 1 . 1 . 2 . . . . 2 . . . 1 1 1 . . 4 Escape Stasis 17 | . . . . . . . . . . . . . . . 17 . . . . . . . . Rewire 353 | . . . . . . . 63 . . . 30 . . . 252 . . . . 8 . . . Trap . | . . . . . . . . . . . . . . . . . . . . . . . . Miscellaneous . | . . . . . . . . . . . . . . . . . . . . . . . . Route ------- -11/Scrapyard -10/Materials -10/Mines (discovered 3 exits: [*Mat] / *Exi / [*Sub]) -10/Exiles -9/Mines (discovered 2 exits: *Mat x2) -8/Materials -8/Storage -8/Recycling (discovered 2 exits: *Fac / *Scr) -8/Scraptown -6/Factory (discovered 2 exits: *Low x2) -6/Lower Caves -6/Lower Caves -6/Zion (discovered 2 exits: Dee / *Pro) -5/Proximity Caves -5/Factory (discovered 2 exits: *Fac / *Ext) -5/Extension (discovered 2 exits: *Fac / *Cet) -5/Cetus (discovered 2 exits: *Fac / [*Arc]) -5/Archives -5/Hub_04(d) -4/Factory -4/Armory -3/Research (discovered 2 exits: *Res / *Tes) -2/Research -1/Access History --------- Turn | Location | Event 1 | -11/Scrapyard | Discovered new exit (range 1) 3 | -11/Scrapyard | Entered Materials 115 | -10/Materials | Discovered new exit (range 5) 131 | -10/Materials | Entered Mines 153 | -10/Mines | Assembled infested the area 304 | -10/Mines | Build established: Mutant 394 | -10/Mines | Met a Derelict testing a Signal Generator 399 | -10/Mines | Found Signal Generator 454 | -10/Mines | Learned location of Storage (-8) 454 | -10/Mines | Discovered new exit (range 7) 633 | -10/Mines | Discovered new exit (range 12) 754 | -10/Mines | Received a Rocket Launcher from a helpful Derelict 772 | -10/Mines | Deemed a non-threat by the Exiles lab entrance 772 | -10/Mines | Discovered new exit (range 5) 777 | -10/Mines | Entered Exiles 807 | -10/Exiles | Met 8R-AWN 828 | -10/Exiles | Met EX-HEX 866 | -10/Exiles | Met EX-BIN 883 | -10/Exiles | Aligned with FarCom system 884 | -10/Exiles | Given EX-Vault access code 918 | -10/Exiles | Opened EX-Vault 949 | -10/Exiles | Warned to stay clear of 0b10 Research branches 1028 | -10/Exiles | Met EX-DEC 1174 | -10/Exiles | Learned location of Zion (-6) 1275 | -10/Exiles | Found XL Autogun Array 1418 | -10/Exiles | Visited The Gauntlet 1638 | -10/Exiles | Discovered new exit (range 14) 1659 | -10/Exiles | Left Exiles lab with XL Autogun Array 1659 | -10/Exiles | Entered Mines 1767 | -9/Mines | Learned Materials terminal intel 1799 | -9/Mines | Discovered new exit (range 14) 1836 | -9/Mines | Discovered new exit (range 7) 1894 | -9/Mines | Entered Materials 1894 | -8/Materials | Accompanied by 2 allies 1894 | -8/Materials | Evolved 4 slots: Propulsion x1, Utility x1, Weapon x2 1895 | -8/Materials | Identified exit to Storage 1896 | -8/Materials | Loaded intel: 12 terminal locations 1899 | -8/Materials | Led the pair of lost Derelicts to an unsafe place 2196 | -8/Materials | Build established: Skirmisher 2203 | -8/Materials | Entered Storage 2401 | -8/Storage | Used back door to open Recycling access 2401 | -8/Storage | Discovered new exit (range 4) 2405 | -8/Storage | Entered Recycling 2824 | -8/Recycling | Discovered new exit (range 13) 2995 | -8/Recycling | Build established: Commander-Skirmisher 3611 | -8/Recycling | Scanned before Scraplab entrance 3632 | -8/Recycling | Entered Scraplab 3644 | -8/Recycling | Discovered new exit (range 3) 3645 | -8/Recycling | Identified exit to Scraptown 3662 | -8/Recycling | Entered Scraptown 3662 | -8/Scraptown | Accompanied by 6 allies 3955 | -8/Scraptown | Build established: Commander-Tank 4088 | -8/Scraptown | Visited Red Mages 4156 | -8/Scraptown | Visited Comm Corps 4256 | -8/Scraptown | Visited Bundlers 4330 | -8/Scraptown | Visited Cyclists 4396 | -8/Scraptown | Visited Assassins FH 4679 | -8/Scraptown | Visited Awakened 4706 | -8/Scraptown | Visited Junk Repository 4916 | -8/Scraptown | Discovered new exit (range 11) 5683 | -8/Scraptown | Entered Factory 5683 | -6/Factory | Accompanied by 6 allies 5683 | -6/Factory | Evolved 4 slots: Propulsion x1, Utility x3 6393 | -6/Factory | Identified exit to Lower Caves 6716 | -6/Factory | Build established: Hacker-Skirmisher 6787 | -6/Factory | Entered Lower Caves 6799 | -6/Lower Caves | Identified exit to Lower Caves 7082 | -6/Lower Caves | Build established: Skirmisher 7998 | -6/Lower Caves | Entered an active Warlord outpost 8003 | -6/Lower Caves | A Commander dispatched an escort 8021 | -6/Lower Caves | Learned Factory terminal intel 8023 | -6/Lower Caves | Learned Factory terminal intel 8023 | -6/Lower Caves | Learned Factory garrison access intel 8023 | -6/Lower Caves | Learned Research garrison access intel 8653 | -6/Lower Caves | Entered another Lower Caves area 8653 | -6/Lower Caves | Accompanied by 2 allies 8654 | -6/Lower Caves | Commander's escort returned to base 8654 | -6/Lower Caves | Commander's escort returned to base 8886 | -6/Lower Caves | Attracted the attention of an 0b10 outpost 8925 | -6/Lower Caves | Destroyed 7 combat bots 9374 | -6/Lower Caves | Discovered new exit (range 16) 9570 | -6/Lower Caves | Identified exit to Zion 9575 | -6/Lower Caves | Entered Zion 9575 | -6/Zion | Accompanied by 1 ally 9718 | -6/Zion | Discovered new exit (range 9) 9979 | -6/Zion | Learned Factory emergency access door positions 10023 | -6/Zion | Identified exit to Deep Caves 10078 | -6/Zion | Given the Hacking Drone Bay 10273 | -6/Zion | Found Prototype Energy Gun 10273 | -6/Zion | Identified Storm Laser 10510 | -6/Zion | Loaded intel: 4 derelict terminal locations 10624 | -6/Zion | Found Prototype Device 10624 | -6/Zion | Identified Phasing AFG 10689 | -6/Zion | Rebuked by Imprinter 11416 | -6/Zion | Identified exit to Proximity Caves 11419 | -6/Zion | Entered Proximity Caves 11419 | -5/Proximity Caves | Accompanied by 1 ally 11595 | -5/Proximity Caves | Found DCF Scrap (13 items) 11889 | -5/Proximity Caves | Learned location of 1 exit from Factory 11897 | -5/Proximity Caves | Build established: Derelict-Skirmisher 12112 | -5/Proximity Caves | Spotted B-75 Beast 12336 | -5/Proximity Caves | Discovered new exit (range 6) 12384 | -5/Proximity Caves | Identified exit to Factory 12425 | -5/Proximity Caves | Entered Factory 12425 | -5/Factory | Evolved 2 slots: Utility x2 12426 | -5/Factory | Identified exit to Extension 12428 | -5/Factory | Loaded intel: 28 terminal locations 12429 | -5/Factory | Loaded intel: 4 garrison access locations 12590 | -5/Factory | Discovered new exit (range 7) 12953 | -5/Factory | Fabricated H-66 Slayer (x2) 13115 | -5/Factory | Entered Extension 13115 | -5/Extension | Accompanied by 1 ally 13246 | -5/Extension | Rescued a captive Derelict 13259 | -5/Extension | Rescued a captive Derelict 13260 | -5/Extension | Rescued a captive Derelict 13438 | -5/Extension | Lost 4 allies 13738 | -5/Extension | Build established: Scavenger-Skirmisher 14447 | -5/Extension | Spotted B-75 Beast 14487 | -5/Extension | Destroyed B-75 Beast 14493 | -5/Extension | Spotted B-75 Beast 14517 | -5/Extension | Destroyed B-75 Beast 14547 | -5/Extension | Lost 4 allies 14637 | -5/Extension | Rescued a captive Derelict 14637 | -5/Extension | Rescued a captive Derelict 14725 | -5/Extension | Rescued a captive Derelict 14728 | -5/Extension | Rescued a captive Derelict 14821 | -5/Extension | Lost 5 allies 15252 | -5/Extension | Build established: Commander-Skirmisher 15275 | -5/Extension | Rescued A7 15391 | -5/Extension | Discovered new exit (range 22) 15414 | -5/Extension | Discovered new exit (range 22) 15477 | -5/Extension | Entered Cetus 15477 | -5/Cetus | Accompanied by 15 allies (A7) 15482 | -5/Cetus | Acquired a Cetus Manufacturing Module code from A7 15490 | -5/Cetus | Spotted Cetus Guard 15491 | -5/Cetus | Spotted Cetus Guard 15493 | -5/Cetus | Spotted Cetus Guard 15493 | -5/Cetus | Spotted Cetus Guard 15511 | -5/Cetus | Allies destroyed Cetus Guard 15520 | -5/Cetus | Allies destroyed Cetus Guard 15524 | -5/Cetus | Allies destroyed Cetus Guard 15529 | -5/Cetus | Allies destroyed Cetus Guard 15544 | -5/Cetus | Lost 3 parts (2u1w) 15653 | -5/Cetus | Discovered new exit (range 22) 15683 | -5/Cetus | Spotted Cetus Guard 15685 | -5/Cetus | Spotted Cetus Guard 15688 | -5/Cetus | Spotted Cetus Guard 15709 | -5/Cetus | Spotted Cetus Guard 15715 | -5/Cetus | Allies destroyed Cetus Guard 15725 | -5/Cetus | Allies destroyed Cetus Guard 15734 | -5/Cetus | Allies destroyed Cetus Guard 15741 | -5/Cetus | Discovered new exit (range 21) 15759 | -5/Cetus | Met Revision 17 15825 | -5/Cetus | Build established: Commander-Tank 15843 | -5/Cetus | Started Cetus Manufacturing Module 15868 | -5/Cetus | Manufactured an Enhanced Grunt 15893 | -5/Cetus | Manufactured an Enhanced Grunt 15918 | -5/Cetus | Manufactured an Enhanced Grunt 15936 | -5/Cetus | Murdered A7 15941 | -5/Cetus | Extracted ID and sensor layout for unrecognized location from A7's data core 15943 | -5/Cetus | Manufactured an Enhanced Grunt 15961 | -5/Cetus | Found Prototype Protection 15961 | -5/Cetus | Identified Med. Regenerative Plating 15968 | -5/Cetus | Manufactured an Enhanced Grunt 16021 | -5/Cetus | Entered Archives 16021 | -5/Archives | Accompanied by 16 allies 16053 | -5/Archives | Discovered new exit (range 22) 16125 | -5/Archives | Entered Hub_04(d) 16125 | -5/Hub_04(d) | Accompanied by 15 allies 16191 | -5/Hub_04(d) | Discovered new exit (range 8) 16252 | -5/Hub_04(d) | Garrison activated, responded to threat 16294 | -5/Hub_04(d) | Entered Factory 16294 | -4/Factory | Accompanied by 13 allies 16294 | -4/Factory | Evolved 2 slots: Power x1, Utility x1 16295 | -4/Factory | Loaded intel: 26 terminal locations 16729 | -4/Factory | Lost 4 allies 16837 | -4/Factory | Fabricated H-66 Slayer? 16991 | -4/Factory | Build established: Scavenger-Tank 17044 | -4/Factory | First assault squad dispatched 17124 | -4/Factory | Lost 7 allies 17171 | -4/Factory | Discovered new exit (range 11) 17187 | -4/Factory | Entered Armory 17213 | -4/Armory | Lost 3 allies 17788 | -4/Armory | P-70 Sage assimilated allied Archangel 7a 17937 | -4/Armory | First assault squad dispatched 18013 | -4/Armory | Discovered new exit (range 5) 18020 | -4/Armory | Entered Research 18020 | -3/Research | Evolved 2 slots: Utility x2 18021 | -3/Research | Loaded intel: 4 garrison access locations 18220 | -3/Research | Revision forces began assault on 0b10 18232 | -3/Research | Met up with Revision 17++ 18314 | -3/Research | Discovered new exit (range 17) 18356 | -3/Research | Identified exit to Testing 18368 | -3/Research | Found Prototype Processor 18368 | -3/Research | Identified Exp. Signal Interpreter 18720 | -3/Research | Research terminal network offline 19134 | -3/Research | Lost 3 allies 19147 | -3/Research | Spotted Striker 19166 | -3/Research | Destroyed Striker 19187 | -3/Research | Lost 3 allies 19580 | -3/Research | Found Fusion Bomb Launcher 19995 | -3/Research | Spotted Executioner 19997 | -3/Research | Spotted Striker 19999 | -3/Research | Destroyed Executioner 20009 | -3/Research | Destroyed Striker 20170 | -3/Research | Discovered new exit (range 15) 20295 | -3/Research | Crushed by falling debris 20295 | -3/Research | System corruption reached 10% 20326 | -3/Research | Lost 3 parts (1u2w) 20364 | -3/Research | Entered another Research area 20364 | -2/Research | Evolved 2 slots: Utility x2 20369 | -2/Research | Discovered new exit (range 16) 20722 | -2/Research | Entered Access 20722 | -1/Access | Evolved 2 slots: Utility x2 21013 | -1/Access | Garrison activated, responded to threat 21079 | -1/Access | Lost 3 parts (1n2u) 21373 | -1/Access | Released all parts (11) 21395 | -1/Access | Core integrity fell below 50% 21395 | -1/Access | Spotted B-99 Colossus 21396 | -1/Access | Lost 9 parts (2p2n5u) 21404 | -1/Access | Core integrity fell below 20% 21406 | -1/Access | Destroyed by H-88 Terminator with KE Penetrator Last Messages --------------- 21399_ Penetrated by Slug. 21399_ Slug penetrates U-05 Engineer. 21399_ Slug penetrates Terminal. 21399_ Penetrated by Slug. 21400_ P-80 Master resets K-01 Serf, system corruption cleaned. 21400_ Slug penetrates Terminal. 21400_ Connecting with Terminal... 21400_ ALERT: Suspicious activity at Terminal A007. Dispatching Investigation squad. 21400_ Penetrated by Slug. 21402_ Slug penetrates Terminal. 21403_ Penetrated by Slug. 21403_ Terminal disabled. 21403_ Penetrated by Slug. 21403_ Slug penetrates Wall. 21403_ Penetrated by Slug. 21403_ Slug penetrates Wall. 21404_ Slug penetrates Terminal. 21405_ Penetrated by Slug. Map ----- +----------------------------------------------------+ | ?????????????????????????????????????????????????? | | ?????????????????????????????????????????????????? | | ?????????????????????????????????????????????????? | | ?????????????????????????????????????????????????? | | ?????????????????????????????????????????????????? | | ?????????????????????????????????????????????????? | | ?????????????????????????????????????????????????? | | ?????????????????????????????????????????????????? | | ?????????????????????????????????????????????????? | | ?????????????????????????????????????????????????? | | ?????????????????????????????????????????????????? | | ?????????????????????????????????????????????????? | | ?????????????????? ??????????????????????????????? | | ????????????????? ??????????????? ????????????? | | ????????????????"" ??????????????# ????????????? | | ????????????????"" ?g???????????# #???????????? | | ????????????????"" ?????????????# #????? ????? | | ??????????????"""" g gg??????Y???# #?????! ????? | | ???????????? """"" ????????????# #????? ????? | | ???????????? ???????????# #?????/#????? | | ???????????? ! ???????????# #????? #????? | | ??????????? ??????????# #????? #????? | | ??????????? !! ########### ###### #???#? | | ?????????? != uh = ###??? | | ?????????????? h ! h BB #??? | | ????????????????????# @ BB #??? | | ????????????????????# "###?# | | ????????????????????# #? ??? | | ?????????g??????????# h #??? ? | | ????????g???????????# p #?? ? | | ????????????????????# = ""T""" ## ? | | ????????????????????# """"" #? ? ? | | ????????????????????#####################" #? ?? | | ????????????????????????????????????#?#?## ## ? | | ????????????????????????????#?#???#??#?#?# ## ??? | | ??????????????????????????????#????####### ##?### | | ???????????????????????????############### ##### | | ???????????????????????????# | | ???????????????????????????# | | ???????????????????????#####+#################### | | ???????????????????????# ##?############## | | ???????????????????????# ####!** []# | | ???????????????????????# " ##?#*** [[!# | | ???????????????????????# """ ####*** =]*[/ | | ???????????????????????# """ #### !![=# | | ???????????????????????# = " #### [!*[# | | ???????????????????????# ################# | | ???????????????????????# ################ | | ???????????????????????###################### !% | | ?????????????????????????#################### !! | +----------------------------------------------------+ Best States ------------- Heat Dissipation 141 Energy Generation 57 Energy Capacity 950 Matter Stores 300 Matter Capacity 300 Sight Range 22 Robot Scan Range 15 Terrain Scan Range 24 Terrain Scan Density 210 Power Amplification 30 Armor Coverage 900 Weapon Cycling 20 Phase Shifting 15 Evasion (%) 55 Targeting Accuracy 8 Launcher Accuracy 40 Recoil Reduction 8 Matter Filtering 30 Energy Filtering 30 Particle Charging 25 Offensive Hacking 10 Defensive Hacking 14 Authchip Count 2 Item Schematics ----------------- Imp. Sensor Array | -8/Recycling | Hacked Tesla Rifle | -6/Zion | Archive Angular Momentum Engine | -6/Zion | Archive Imp. Particle Charger | -6/Zion | Archive Disruptor Cannon | -6/Zion | Archive Drone Bay | -6/Zion | Archive Arm. Medium Treads | -6/Zion | Archive Energy Well | -6/Zion | Archive Imp. Antigrav System | -6/Zion | Archive Adv. Thermal Generator | -6/Zion | Archive Cloaking Device | -6/Zion | Archive Imp. Transmission Jammer | -6/Zion | Archive Imp. Target Analyzer | -6/Zion | Archive Adv. Shield Generator | -6/Zion | Archive Fission Core | -6/Zion | Archive Imp. Component Analysis Suite | -6/Zion | Archive Robot Schematics ------------------ H-66 Slayer | -6/Zion | Archive T-07 Excavator | -6/Zion | Archive A-15 Conveyor | -6/Zion | Archive L-61 Swordsman | -6/Zion | Archive Y-64 Sentinel | -5/Hub_04(d) | Hacked Fabricated ------------ H-66 Slayer | x2 | -5/Factory | Authchip H-66 Slayer | x2 | -4/Factory | Authchip Repaired ---------- Nothing Alien Tech Used ----------------- None Achievements -------------- None Challenges ------------ None Game ------ Seed HellfireJunkShredder Manual? 0 Play Time 02:39:01 Cumulative 285.7 hours Start 2025.05.22 @ 18:18:41 End 2025.05.22 @ 21:02:48 Sessions 1 Manual Loads 0 Difficulty Rogue Special Mode None Game No. 201 Rogue 201 Adventurer 0 Explorer 0 Win Type - Total 22 Types 18/0/2/2/0/0/0/0/0/0 Lore% 85 Gallery% 72 Achievement% 64 Wizard Run 0 Options --------- Layout 2 ASCII 0 Keyboard 1 Movement Arrows Keybinds 0 Fullscreen 1 Font 24/Smallcaps Map View 50x44 Zoom Use 0% Tactical HUD 1 Map Filters NONE Filters NONE Steam 1 RUN: 90f2c76a-b19e-4b48-b1d5-d250acfc52ae